 Dungeon Crawl Stone Soup version 0.24.0-123-gd5b16e6ec5 (webtiles) character file.

Game seed: 9652609604548010030, levelgen mode: deterministic

340 FishyPogo the Shield-Bearer (level 6, -14/49 HPs)
             Began as a Demonspawn Fighter on Jan 27, 2020.
             Demolished by an ogre
             ... wielding a +0 giant club
              (19 damage)
             ... on level 4 of the Dungeon.
             The game lasted 00:06:01 (2046 turns).

FishyPogo the Shield-Bearer (Demonspawn Fighter)    Turns: 2046, Time: 00:06:02

Health: -14/49     AC:  7    Str: 18    XL:     6   Next: 30%
Magic:  6/6        EV:  9    Int: 10    God:
Gold:   144        SH: 10    Dex: 12    Spells: 5/5 levels left

rFire    . . .     SeeInvis .   a - +3 dagger (flame)
rCold    . . .     Gourm    +   c - +1 shield
rNeg     . . .     Faith    .   b - +0 scale mail
rPois    .         Spirit   .   (helmet restricted)
rElec    .         Reflect  .   (no cloak)
rCorr    .         Harm     .   (no gloves)
MR       .....                  (no boots)
Stlth    ..........             l - amulet of the gourmand
HPRegen  0.16/turn              (no ring)
MPRegen  0.10/turn              (no ring)

@: no status effects
A: antennae 2, repulsion field 1, demonic guardian 1
a: no special abilities


You were on level 4 of the Dungeon.
You were not hungry.

You visited 1 branch of the dungeon, and saw 4 of its levels.

You collected 144 gold pieces.

Inventory:

Hand Weapons
 a - a +3 dagger of flaming (weapon)
Missiles
 h - 25 stones (quivered)
Armour
 b - a +0 scale mail (worn)
 c - a +1 shield (worn)
Jewellery
 l - an amulet of the gourmand (around neck)
Scrolls
 e - 2 scrolls of identify
 j - a scroll of enchant armour
Potions
 d - a potion of might
 i - a potion of haste
 k - a potion of curing {unknown}
Comestibles
 f - 2 rations


   Skills:
 + Level 4.3 Fighting
 - Level 2.0 Short Blades
 + Level 3.9 Armour
 * Level 4.9 Shields


You had 5 spell levels left.
You didn't know any spells.
Your spell library was empty.

Dungeon Overview and Level Annotations

Branches:
Dungeon (4/15)
 Temple: D:4-7

Altars:

Annotations:
D:2 Robin
D:4 1 runed translucent door, Amplified's ghost, amateur TrFi


Innate Abilities, Weirdness & Mutations

You have a pair of antennae on your head.
You are surrounded by a mild repulsion field. (EV +2)
A weak demonic guardian rushes to your aid.


Message History

Press: ? - help, Shift-Dir - straight line, f - ogre
Aim: an ogre, wielding a +0 giant club (severely wounded, hasn't noticed you)
You throw a stone. The ogre shouts!
The stone hits the ogre but does no damage.
The ogre is severely wounded.
You hit the ogre. You burn the ogre.
The ogre is severely wounded.
The ogre hits you with a +0 giant club.
* * * LOW HITPOINT WARNING * * *
Your shield prevents you from hitting the ogre.
The ogre is severely wounded.
You hit the ogre. You burn the ogre.
The ogre is almost dead.
The ogre hits you with a +0 giant club!
* * * LOW HITPOINT WARNING * * *
Your shield and scale mail prevent you from hitting the ogre.
The ogre is almost dead.
The ogre hits you with a +0 giant club!!
You die...

#........#.# ##.##
#.######.#.# #.# #.#
####.#.# #.#
#.###......# #'##
#.##...#.### #...#
#.##...#.# #...^.
#.##...#.## #......
#.........####.......
#........@O..'?......
#...).....#(##.....$.
####...#.##.# #...?..
#...####.# #?....
#...# #.# #...# #####
#.# #... #.# ..# #.#
.#


You could see an ogre.

Vanquished Creatures
  A phantom (D:4)
  A scorpion (D:4)
  A howler monkey (D:4)
  A hound (D:4)
  An iguana (D:4)
  2 worker ants
  3 adders
  A shadow imp (D:4)
  2 adder skeletons (D:4)
  A dart slug (D:4)
  4 leopard geckos
  An orc (D:4)
  6 giant cockroaches
  4 hobgoblins (D:1)
  3 jackals (D:4)
  2 ball pythons (D:1)
  7 goblins
  4 kobolds
  A leopard gecko skeleton (D:4)
  2 rats (D:1)
48 creatures vanquished.

Notes
Turn   | Place    | Note
-------+----------+-------------------------------------------
     0 | D:1      | FishyPogo the Demonspawn Fighter began the quest for the
                  | Orb.
     0 | D:1      | Reached XP level 1. HP: 18/18 MP: 1/1
    73 | D:1      | Gained mutation: You have a pair of small antennae on your
                  | head. [demonic ancestry]
    73 | D:1      | Reached XP level 2. HP: 22/24 MP: 2/2
    79 | D:2      | Noticed Robin
   506 | D:2      | Gained mutation: You have a pair of antennae on your head.
                  | [demonic ancestry]
   506 | D:2      | Reached XP level 3. HP: 4/29 MP: 3/3
   522 | D:2      | HP: 1/29 [poisoned by a worker ant]
   803 | D:3      | Gained mutation: You are surrounded by a mild repulsion
                  | field. (EV +2) [demonic ancestry]
   803 | D:3      | Reached XP level 4. HP: 5/35 MP: 4/4
  1175 | D:4      | Gained mutation: A weak demonic guardian rushes to your
                  | aid. [demonic ancestry]
  1175 | D:4      | Reached XP level 5. HP: 12/42 MP: 5/5
  1437 | D:4      | Noticed a phantom
  1463 | D:4      | Killed a phantom
  1706 | D:4      | Found a runed translucent door.
  1707 | D:4      | Noticed Amplified's ghost (amateur TrFi)
  1802 | D:4      | Reached XP level 6. HP: 43/48 MP: 6/6
  2046 | D:4      | Demolished by an ogre

Levels and vault maps discovered:
D:1:      lightli_arrival_chessboard, layout_rooms, minmay_split_cup_large
D:2:      layout_rooms, chequers_ecumenical_altar_simple, minmay_tripent,
          uniq_robin
D:3:      layout_rooms, nicolae_overflow_hidden_temple, first_ration
D:4:      layout_loops_corners, ebering_ghost_sewer_f

Skill      XL: |  1  2  3  4  5 |
---------------+----------------+-----
Short Blades   | 2 |  2.0
Shields        | 3 4 |  4.9
Armour         | 3 |  3.9
Fighting       | 4 |  4.3

Action                   |  1- 3 |  4- 6 || total
-------------------------+-------+-------++-------
Melee: Rapier            |    47 |       ||    47
       Dagger            |    45 |   107 ||   152
Throw: Stone             |     5 |     6 ||    11
  Use: Potion            |     1 |       ||     1
       Scroll            |       |     6 ||     6
 Stab: Distracted        |       |     1 ||     1
  Eat: Chunk             |       |    13 ||    13
Armor: Scale mail        |    41 |    24 ||    65
Dodge: Dodged            |    28 |    20 ||    48
Block: Shield            |    30 |    38 ||    68
